 Dungeon Crawl Stone Soup version 0.21.1-1-g345015f (webtiles) character file.

1981 Matador8 the Skirmisher (level 9, -4/72 HPs)
             Began as a Demonspawn Gladiator on Apr 12, 2018.
             Was a Believer of Uskayaw.
             Slain by an orc warrior
             ... wielding a +0 glaive
              (15 damage)
             ... on level 7 of the Dungeon.
             The game lasted 00:31:35 (6617 turns).

Matador8 the Skirmisher (Demonspawn Gladiator)      Turns: 6617, Time: 00:31:36

Health: -4/72      AC:  5    Str: 19    XL:     9   Next: 1%
Magic:  0/14       EV: 13    Int:  9    God:    Uskayaw [**....]
Gold:   539        SH:  0    Dex: 14    Spells: 8/8 levels left

rFire    . . .     SeeInvis .     - Unarmed
rCold    . . .     Gourm    .   (no shield)
rNeg     . . .     Faith    .   F - +1 leather armour {MR+}
rPois    .         Spirit   +   b - +0 helmet
rElec    .         Reflect  .   (no cloak)
rCorr    .         Harm     .   (no gloves)
MR       +....                  (no boots)
Stlth    +.........             (no amulet)
HPRegen  0.22/turn              (no ring)
MPRegen  0.28/turn              (no ring)

@: no status effects
A: hooves 1, powered by death 1, magic shield, magic regeneration, sturdy frame
1
a: Stomp, Line Pass, Renounce Religion


You were on level 7 of the Dungeon.
You worshipped Uskayaw.
Uskayaw was noncommittal.
You were hungry.

You visited 1 branch of the dungeon, and saw 7 of its levels.

You collected 539 gold pieces.

Inventory:

Hand Weapons
 f - a +0 hand axe
 L - a +0 shortbow
Missiles
 c - a throwing net (quivered)
 g - 4 tomahawks of returning
 u - 44 sling bullets
 M - 36 arrows
Armour
 a - a +0 leather armour
 b - a +0 helmet (worn)
 i - a +1 ring mail of positive energy
 C - +0 gold dragon scales
 E - a +1 ring mail of fire resistance
 F - a +1 leather armour of magic resistance (worn)
 N - a +0 scale mail
Jewellery
 y - a cursed amulet of inaccuracy {unknown}
Wands
 x - a wand of iceblast (8)
Scrolls
 e - 2 scrolls of enchant armour {unknown}
 j - 5 scrolls of remove curse {unknown}
 k - 5 scrolls of identify {unknown}
 o - a scroll of immolation {unknown}
 p - 5 scrolls of teleportation {unknown}
 r - 2 scrolls of magic mapping {unknown}
 s - a scroll of amnesia {unknown}
 v - 4 scrolls of blinking {unknown}
 w - 2 scrolls of fog {unknown}
 D - a scroll of noise {unknown}
 K - a scroll of enchant weapon {unknown}
Potions
 h - 3 potions of brilliance {unknown}
 l - a potion of might {unknown}
 m - 2 potions of degeneration {unknown}
 n - a potion of agility {unknown}
 q - a potion of berserk rage {unknown}
 t - 2 potions of curing
 z - 3 potions of lignification {unknown}
 A - 3 potions of magic {unknown}
 B - a potion of heal wounds {unknown}
 G - a potion of invisibility {unknown}
 J - a potion of resistance {unknown}
Books
 I - a book of Misfortune

   Spells                             Type                      Level
   a - Confusing Touch                Hexes                        1
   b - Confuse                        Hexes                        3
   c - Gell's Gravitas                Translocation                3
   d - Petrify                        Transmutation/Earth          4
   e - Metabolic Englaciation         Hexes/Ice                    5
   f - Yara's Violent Unravelling     Hexes/Transmutation          5
Comestibles
 d - 14 rations
 H - 8 chunks of flesh


   Skills:
 * Level 7.6 Fighting
 - Level 1.7 Throwing
 - Level 2.6 Dodging
 * Level 7.2 Unarmed Combat
 + Level 7.1 Invocations


You had 8 spell levels left.
You didn't know any spells.

Dungeon Overview and Level Annotations

Branches:
Dungeon (7/15)             Temple (0/1) D:6

Altars:
Cheibriados
Kikubaaqudgha
Qazlal
Trog
Uskayaw
Yredelemnul


Innate Abilities, Weirdness & Mutations

You have large cloven feet.
You regenerate a little health from kills.
When hurt, damage is shared between your health and your magic reserves.
You regenerate magic rapidly.
Your movements are slightly less encumbered by armour. (ER -2)


Message History

* * * LOW HITPOINT WARNING * * *
You closely miss the gnoll. You kick the gnoll, but do no damage.
The gnoll is heavily wounded.
The gnoll barely misses you. The orc closely misses you.
The orc warrior barely misses you.
Okay, then.
You punch the orc! You punch the orc, but do no damage.
The orc is almost dead.
The gnoll closely misses you. The orc closely misses you.
The orc warrior misses you. The gnoll misses you.
You hit the orc but do no damage.
The orc is almost dead.
The gnoll hits you.
* * * LOW HITPOINT WARNING * * *
The orc misses you.
You hit the orc but do no damage.
The orc is almost dead.
The gnoll barely misses you.
The orc warrior hits you from afar with a glaive!!
You die...

##.....<..# #..g###
##.######## #..##
##.# ####.## ...#
##.....# ####
##..o#.## # #..#####
# ##..##
#################o.#
..........))))og@..#
##############o#####
#.# #.# #.# #.# #.#
#.# #.#


You could see an orc warrior, a gnoll and 2 orcs.

Vanquished Creatures
  Sigmund (D:4)
  Menkaure (D:4)
  Edmund (D:6)
  A sky beast (D:6)
  A black bear (D:6)
  5 ogres
  A phantom (D:4)
  A centaur (D:6)
  2 bullfrogs
  A scorpion (D:6)
  2 howler monkeys
  A crimson imp (D:5)
  A centaur zombie (D:6)
  A bullfrog skeleton (D:4)
  2 gnoll shamans (D:7)
  A hound (D:6)
  Natasha (thrice) (D:4)
  5 worker ants
  A worker ant zombie (D:5)
  4 adders
  7 gnolls (D:7)
  A shadow imp (D:4)
  2 worms
  2 dart slugs
  3 leopard geckos
  14 orcs
  8 bats
  4 giant cockroaches
  6 goblins
  3 hobgoblins
  5 jackals
  6 kobolds
  3 quokkas
  3 frilled lizards
  A leopard gecko skeleton (D:4)
  5 rats
  A fungus (D:2)
110 creatures vanquished.

Vanquished Creatures (others)
  A plant (D:7)
1 creature vanquished.

Grand Total: 111 creatures vanquished

Notes
Turn   | Place    | Note
-------+----------+-------------------------------------------
     0 | D:1      | Matador8 the Demonspawn Gladiator began the quest for the Orb.
     0 | D:1      | Reached XP level 1. HP: 16/16 MP: 1/1
   166 | D:1      | Gained mutation: You regenerate a little health from kills. [demonic ancestry]
   166 | D:1      | Reached XP level 2. HP: 19/23 MP: 2/2
   911 | D:2      | Found a hide-covered altar of Uskayaw.
   955 | D:2      | Became a worshipper of Uskayaw the Reveler
  1090 | D:2      | Reached * piety under Uskayaw
  1223 | D:2      | Reached ** piety under Uskayaw
  1226 | D:2      | Reached XP level 3. HP: 6/28 MP: 3/3
  1652 | D:2      | Found a basalt altar of Yredelemnul.
  1984 | D:3      | Reached skill level 1 in Invocations
  2045 | D:3      | Found an ancient bone altar of Kikubaaqudgha.
  2246 | D:3      | Found a snail-covered altar of Cheibriados.
  2628 | D:4      | Gained mutation: When hurt, damage is shared between your health and your magic reserves. [demonic ancestry]
  2628 | D:4      | Reached XP level 4. HP: 16/35 MP: 3/5
  3095 | D:4      | Noticed Sigmund
  3109 | D:4      | Killed Sigmund
  3109 | D:4      | Gained mutation: You have large cloven feet. [demonic ancestry]
  3109 | D:4      | Reached XP level 5. HP: 23/42 MP: 1/7
  3109 | D:4      | Reached XP level 6. HP: 27/48 MP: 1/8
  3377 | D:4      | Noticed Natasha
  3387 | D:4      | Killed Natasha
  3428 | D:4      | Noticed Natasha
  3438 | D:4      | Killed Natasha
  3448 | D:4      | Noticed Natasha
  3461 | D:4      | Killed Natasha
  3960 | D:4      | Noticed Menkaure
  3973 | D:4      | Killed Menkaure
  3973 | D:4      | Reached skill level 5 in Fighting
  3973 | D:4      | Reached skill level 5 in Unarmed Combat
  3973 | D:4      | Gained mutation: You regenerate magic rapidly. [demonic ancestry]
  3973 | D:4      | Reached XP level 7. HP: 45/56 MP: 7/10
  3973 | D:4      | Reached *** piety under Uskayaw
  4204 | D:4      | Reached skill level 5 in Invocations
  4380 | D:5      | Entered Level 5 of the Dungeon
  5256 | D:6      | Found a staircase to the Ecumenical Temple.
  5482 | D:6      | Gained mutation: Your movements are slightly less encumbered by armour. (ER -2) [demonic ancestry]
  5482 | D:6      | Reached XP level 8. HP: 21/64 MP: 4/12
  5716 | D:6      | Found a stormy altar of Qazlal.
  5767 | D:6      | Found a bloodstained altar of Trog.
  5862 | D:6      | Noticed Edmund
  5889 | D:6      | Reached **** piety under Uskayaw
  5891 | D:6      | Killed Edmund
  5896 | D:6      | Reached ***** piety under Uskayaw
  6612 | D:7      | Reached XP level 9. HP: 17/72 MP: 3/14
  6617 | D:7      | Slain by an orc warrior

Skill      XL: |  1  2  3  4  5  6  7  8 |
---------------+-------------------------+-----
Unarmed Combat | 3 4 5 6 7 |  7.2
Invocations    | 1 3 4 5 7 |  7.1
Fighting       | 3 4 5 6 7 |  7.6
Throwing       | |  1.7
Dodging        | |  2.6

Action                   |  1- 3 |  4- 6 |  7- 9 || total
-------------------------+-------+-------+-------++-------
Melee: Unarmed           |   202 |   116 |   229 ||   547
       Punch             |     2 |     1 |     7 ||    10
       Kick              |       |    18 |    63 ||    81
Throw: Throwing net      |       |     1 |     1 ||     2
Invok: Stomp             |     1 |     3 |     1 ||     5
       Line Pass         |       |       |     4 ||     4
 Stab: Paralysed         |       |       |     6 ||     6
  Eat: Ration            |     1 |     1 |       ||     2
       Chunk             |     1 |     2 |    10 ||    13
Armor: Leather armour    |    71 |    21 |    37 ||   129
Dodge: Dodged            |   158 |    76 |   129 ||   363
